PCL
MILE HIGH BRONCOS @ SANTA MONICA BRUINS
09/07/2029
 
TOP OF THE 1ST
Mile High Broncos batting - Pitching for Santa Monica Bruins : RHP Mario Chávez
Pitching: RHP Mario Chávez
Batting: RHB Reynaldo Slomp 0-0: Called Strike
0-1: Ball
1-1: Ball
2-1: SINGLE (Groundball, 6MD)
Batting: LHB Jim Knight 0-0: Ball
1-0: Ball
2-0: Called Strike
2-1: Ball
3-1: Base on Balls
Reynaldo Slomp to second
Batting: RHB António Martínez 0-0: Called Strike
0-1: Foul Ball, location: 2F
0-2: Ball
1-2: Foul Ball, location: 2F
1-2: Ball
2-2: Ball
3-2: Strikes out looking
Batting: SHB Tom Stevens 0-0: Ball
1-0: Fielders Choice at 2nd, 4-6 (Groundball, 4)
Reynaldo Slomp to third
Batting: SHB Michael Field 0-0: Ball
1-0: Called Strike
1-1: Ball
2-1: Ball
3-1: SINGLE (Flyball, 89S)
Reynaldo Slomp scores
Tom Stevens to second
Runner from 2nd tries for 3rd, OUT!
Top of the 1st over - 1 run, 2 hits, 0 errors, 1 left on base; Mile High 1 - Santa Monica 0
BOTTOM OF THE 1ST
Santa Monica Bruins batting - Pitching for Mile High Broncos : LHP Juan Garza
Pitching: LHP Juan Garza
Batting: RHB Gustavo Torres 0-0: Ball
1-0: SINGLE (Groundball, 4) (infield hit)
Batting: RHB John Nelson 0-0: Ball
1-0: Called Strike
Throwing error on steal attempt, E2
Gustavo Torres to third
1-1: Ground out 5-3 (Groundball, 5L)
Batting: RHB Matt O'Rourke 0-0: Foul Ball, location: 2F
0-1: Ball
1-1: Fly out, F9 (Flyball, 9)
Runner from 3rd tags up, OUT at HOME
Bottom of the 1st over - 0 runs, 1 hit, 1 error, 0 left on base; Mile High 1 - Santa Monica 0
TOP OF THE 2ND
Mile High Broncos batting - Pitching for Santa Monica Bruins : RHP Mario Chávez
Batting: RHB Edward Williams 0-0: Called Strike
0-1: Swinging Strike
0-2: Foul Ball, location: 2F
0-2: Ball
1-2: Strikes out swinging
Batting: LHB Jesús González 0-0: Called Strike
0-1: Swinging Strike
0-2: Ball
1-2: Strikes out swinging, 2-3 out at first.
Batting: RHB Rodney González 0-0: Called Strike
0-1: Called Strike
0-2: Ball
1-2: Strikes out swinging
Top of the 2nd over - 0 runs, 0 hits, 0 errors, 0 left on base; Mile High 1 - Santa Monica 0
BOTTOM OF THE 2ND
Santa Monica Bruins batting - Pitching for Mile High Broncos : LHP Juan Garza
Batting: RHB Luis Martínez 0-0: Called Strike
0-1: Hit by Pitch
Batting: RHB Manny Copriviza 0-0: Ball
1-0: Ball
2-0: Called Strike
2-1: Ball
3-1: Foul Ball, location: 2F
3-2: Foul Ball, location: 2F
3-2: Base on Balls
Luis Martínez to second
Batting: RHB Pablo Peńa 0-0: Called Strike
0-1: Ball
1-1: Ball
2-1: Foul Ball, location: 2F
2-2: Ball
3-2: Foul Ball, location: 2F
3-2: Foul Ball, location: 2F
3-2: Foul Ball, location: 2F
3-2: Base on Balls
Luis Martínez to third
Manny Copriviza to second
Batting: RHB Mario Rosales 0-0: Ball
1-0: Ball
2-0: Ball
3-0: Called Strike
3-1: Called Strike
3-2: Base on Balls
Luis Martínez scores
Manny Copriviza to third
Pablo Peńa to second
Batting: LHB Michael Myers 0-0: Ball
1-0: Ball
2-0: Called Strike
2-1: Called Strike
2-2: Fly out, F9 (Flyball, 89M)
Runner from 3rd tags up, OUT at HOME
Pablo Peńa to third
Mario Rosales to second
Batting: LHB Gonzalo Benítez 0-0: Called Strike
0-1: Ball
1-1: Called Strike
1-2: Foul Ball, location: 2F
1-2: Fly out, F2 (Popup, 25F)
Bottom of the 2nd over - 1 run, 0 hits, 0 errors, 2 left on base; Mile High 1 - Santa Monica 1
TOP OF THE 3RD
Mile High Broncos batting - Pitching for Santa Monica Bruins : RHP Mario Chávez
Batting: SHB Paco Martínez 0-0: Called Strike
0-1: Foul Ball, location: 2F
0-2: SINGLE (Line Drive, 9S)
Batting: RHB Reynaldo Slomp 0-0: Ball
1-0: Grounds into double play, 1-4-3 (Groundball, 15S)
Batting: LHB Jim Knight 0-0: Ball
1-0: Called Strike
1-1: Ball
2-1: Foul Ball, location: 2F
2-2: Fly out, F8 (Flyball, 78D)
Top of the 3rd over - 0 runs, 1 hit, 0 errors, 0 left on base; Mile High 1 - Santa Monica 1
BOTTOM OF THE 3RD
Santa Monica Bruins batting - Pitching for Mile High Broncos : LHP Juan Garza
Batting: RHB Gustavo Torres 0-0: Fly out, F7 (Flyball, 7)
Batting: RHB John Nelson 0-0: Called Strike
0-1: Ball
1-1: Ball
2-1: Fly out, F8 (Line Drive, 8LM)
Batting: RHB Matt O'Rourke 0-0: Ball
1-0: Ball
2-0: Called Strike
2-1: Called Strike
2-2: Strikes out swinging
Bottom of the 3rd over - 0 runs, 0 hits, 0 errors, 0 left on base; Mile High 1 - Santa Monica 1
TOP OF THE 4TH
Mile High Broncos batting - Pitching for Santa Monica Bruins : RHP Mario Chávez
Batting: RHB António Martínez 0-0: Swinging Strike
0-1: Ball
1-1: Ball
2-1: Ball
3-1: Swinging Strike
3-2: Strikes out looking
Batting: SHB Tom Stevens 0-0: Ball
1-0: Called Strike
1-1: Foul Ball, location: 2F
1-2: Strikes out swinging
Batting: SHB Michael Field 0-0: Ball
1-0: SINGLE (Groundball, 34D)
Batting: RHB Edward Williams 0-0: Foul Ball, location: 2F
0-1: Ball
1-1: Fly out, F9 (Flyball, 9S)
Top of the 4th over - 0 runs, 1 hit, 0 errors, 1 left on base; Mile High 1 - Santa Monica 1
BOTTOM OF THE 4TH
Santa Monica Bruins batting - Pitching for Mile High Broncos : LHP Juan Garza
Batting: RHB Luis Martínez 0-0: Swinging Strike
0-1: Ball
1-1: Ball
2-1: Ball
3-1: Called Strike
3-2: Foul Ball, location: 2F
3-2: Base on Balls
Batting: RHB Manny Copriviza 0-0: Ball
1-0: Grounds into double play, 5-4-3 (Groundball, 56)
Batting: RHB Pablo Peńa 0-0: Ball
1-0: Called Strike
1-1: Ball
2-1: Foul Ball, location: 2F
2-2: Ball
3-2: Base on Balls
Batting: RHB Mario Rosales 0-0: Swinging Strike
0-1: Fielders Choice at 2nd, 5-4 (Groundball, 5L)
Bottom of the 4th over - 0 runs, 0 hits, 0 errors, 1 left on base; Mile High 1 - Santa Monica 1
TOP OF THE 5TH
Mile High Broncos batting - Pitching for Santa Monica Bruins : RHP Mario Chávez
Batting: LHB Jesús González 0-0: Ball
1-0: Called Strike
1-1: Foul Ball, location: 2F
1-2: Ball
2-2: Foul Ball, location: 2F
2-2: Strikes out swinging
Batting: RHB Rodney González 0-0: Ground out 6-3 (Groundball, 6)
Batting: SHB Paco Martínez 0-0: Ground out 4-3 (Groundball, 4)
Top of the 5th over - 0 runs, 0 hits, 0 errors, 0 left on base; Mile High 1 - Santa Monica 1
BOTTOM OF THE 5TH
Santa Monica Bruins batting - Pitching for Mile High Broncos : LHP Juan Garza
Batting: LHB Michael Myers 0-0: Ball
1-0: Swinging Strike
1-1: Called Strike
1-2: Ball
2-2: Ball
3-2: Base on Balls
Batting: LHB Gonzalo Benítez 0-0: Grounds into double play, 4-6-3 (Groundball, 4)
Batting: RHB Gustavo Torres 0-0: Fly out, F7 (Flyball, 7S)
Bottom of the 5th over - 0 runs, 0 hits, 0 errors, 0 left on base; Mile High 1 - Santa Monica 1
TOP OF THE 6TH
Mile High Broncos batting - Pitching for Santa Monica Bruins : RHP Mario Chávez
Batting: RHB Reynaldo Slomp 0-0: Ball
1-0: Swinging Strike
1-1: Ball
2-1: Fly out, F9 (Flyball, 89S)
Batting: LHB Jim Knight 0-0: SINGLE (Flyball, 78S)
Pitching: RHP Manuel López
Batting: RHB António Martínez 0-0: Called Strike
0-1: DOUBLE (Line Drive, 7LD)
Jim Knight to third
Batting: SHB Tom Stevens 0-0: Foul Ball, location: 2F
0-1: Swinging Strike
0-2: Ball
1-2: Ground out 5-3 (Groundball, 5)
Batting: SHB Michael Field 0-0: Called Strike
0-1: Foul Ball, location: 2F
0-2: Foul Ball, location: 2F
0-2: Ball
1-2: Foul Ball, location: 2F
1-2: Ground out 4-3 (Groundball, 4)
Top of the 6th over - 0 runs, 2 hits, 0 errors, 2 left on base; Mile High 1 - Santa Monica 1
BOTTOM OF THE 6TH
Santa Monica Bruins batting - Pitching for Mile High Broncos : LHP Juan Garza
Batting: RHB John Nelson 0-0: Called Strike
0-1: Ball
1-1: Ball
2-1: SINGLE (Line Drive, 9)
Batting: RHB Matt O'Rourke 0-0: Called Strike
0-1: Ball
1-1: Foul Ball, location: 2F
1-2: Foul Ball, location: 2F
1-2: Ball
2-2: Ball
3-2: Fielders Choice at 2nd, 4-6 (Groundball, 4M)
Batting: RHB Luis Martínez 0-0: Ball
1-0: Ball
2-0: Swinging Strike
2-1: Ball
3-1: Base on Balls
Matt O'Rourke to second
Batting: RHB Manny Copriviza 0-0: Called Strike
0-1: Ball
1-1: Foul Ball, location: 2F
1-2: Ball
2-2: Ball
3-2: Foul Ball, location: 2F
3-2: Hit by Pitch
Matt O'Rourke to third
Luis Martínez to second
Batting: RHB Pablo Peńa 0-0: Called Strike
0-1: Ball
1-1: Ball
Wild Pitch!
Matt O'Rourke scores
Luis Martínez to third
Manny Copriviza to second
2-1: Ball
3-1: Called Strike
3-2: Ground out 3-1 (Groundball, 34S)
Batting: RHB Mario Rosales 0-0: Ball
1-0: Ball
2-0: Ball
3-0: Base on Balls
Batting: LHB Michael Myers 0-0: Called Strike
0-1: SINGLE (Groundball, 6D)
Luis Martínez scores
Manny Copriviza to third
Mario Rosales to second
Runner from 3rd tries for Home, SAFE, throw made home
Mario Rosales to third
Michael Myers to second
Pitching: LHP Jorge García
Batting: LHB Gonzalo Benítez 0-0: Ball
1-0: Called Strike
1-1: Ground out 3-1 (Groundball, 34S)
Bottom of the 6th over - 3 runs, 2 hits, 0 errors, 2 left on base; Mile High 1 - Santa Monica 4
TOP OF THE 7TH
Mile High Broncos batting - Pitching for Santa Monica Bruins : RHP Manuel López
Batting: RHB Edward Williams 0-0: Fly out, F7 (Flyball, 78M)
Batting: LHB Jesús González 0-0: Called Strike
0-1: Ground out 4-3 (Groundball, 4M)
Batting: RHB Rodney González 0-0: Foul Ball, location: 2F
0-1: Ball
1-1: Ball
2-1: Ball
3-1: Fly out, F4 (Popup, 4)
Top of the 7th over - 0 runs, 0 hits, 0 errors, 0 left on base; Mile High 1 - Santa Monica 4
BOTTOM OF THE 7TH
Santa Monica Bruins batting - Pitching for Mile High Broncos : LHP Jorge García
Batting: RHB Gustavo Torres 0-0: Ball
1-0: Ball
2-0: Foul Ball, location: 2F
2-1: Ground out 5-3 (Groundball, 56)
Batting: RHB John Nelson 0-0: SINGLE (Groundball, 34D)
Batting: RHB Matt O'Rourke 0-0: Ball
1-0: Foul Ball, location: 2F
1-1: SINGLE (Flyball, 8RS)
John Nelson to second
Batting: RHB Luis Martínez 0-0: Ball
1-0: Called Strike
1-1: Foul Ball, location: 2F
1-2: Fly out, F7 (Flyball, 7S)
Batting: RHB Manny Copriviza 0-0: Ball
1-0: 3-RUN HOME RUN (Flyball, 7D), Distance : 351 ft
Batting: RHB Pablo Peńa 0-0: Ball
1-0: Foul Ball, location: 2F
1-1: Foul Ball, location: 2F
1-2: Ball
2-2: Foul Ball, location: 2F
2-2: Ball
3-2: Base on Balls
Batting: RHB Mario Rosales 0-0: Swinging Strike
0-1: Ball
1-1: Swinging Strike
1-2: Ball
2-2: Foul Ball, location: 2F
2-2: Ball
3-2: Base on Balls
Pablo Peńa to second
Pitching: LHP Domingo Morales
Batting: LHB Michael Myers 0-0: Ball
1-0: Called Strike
1-1: Ball
2-1: Ball
3-1: Called Strike
3-2: Foul Ball, location: 2F
3-2: Ground out 5-3 (Groundball, 56)
Bottom of the 7th over - 3 runs, 3 hits, 0 errors, 2 left on base; Mile High 1 - Santa Monica 7
TOP OF THE 8TH
Mile High Broncos batting - Pitching for Santa Monica Bruins : RHP Manuel López
Pitching: RHP Rick Hernández
Batting: SHB Paco Martínez 0-0: Swinging Strike
0-1: Ball
1-1: Ball
2-1: Ball
3-1: Base on Balls
Batting: RHB Reynaldo Slomp 0-0: Fly out, F8 (Flyball, 8LD)
Batting: LHB Jim Knight 0-0: Called Strike
0-1: Ball
1-1: Fly out, F9 (Flyball, 9LD)
Batting: RHB António Martínez 0-0: Ball
1-0: Called Strike
1-1: Fly out, F9 (Line Drive, 9LS)
Top of the 8th over - 0 runs, 0 hits, 0 errors, 1 left on base; Mile High 1 - Santa Monica 7
BOTTOM OF THE 8TH
Santa Monica Bruins batting - Pitching for Mile High Broncos : LHP Domingo Morales
Pitching: RHP José García
Batting: LHB Gonzalo Benítez 0-0: Ball
1-0: Called Strike
1-1: Ball
2-1: Swinging Strike
2-2: Ball
3-2: Fly out, F9 (Flyball, 89M)
Batting: RHB Gustavo Torres 0-0: Ball
1-0: Swinging Strike
1-1: Called Strike
1-2: Ball
2-2: Ball
3-2: Foul Ball, location: 2F
3-2: Base on Balls
Pitching: RHP Eric Wilson
Batting: RHB John Nelson 0-0: Ball
1-0: Called Strike
1-1: Ball
2-1: SINGLE (Line Drive, 4D)
Gustavo Torres to second
Batting: RHB Matt O'Rourke 0-0: Called Strike
0-1: Foul Ball, location: 2F
0-2: Fly out, F3 (Popup, 3DF)
Batting: RHB Luis Martínez 0-0: Ball
1-0: Swinging Strike
1-1: Ground out U3 (Groundball, 34S)
Bottom of the 8th over - 0 runs, 1 hit, 0 errors, 2 left on base; Mile High 1 - Santa Monica 7
TOP OF THE 9TH
Mile High Broncos batting - Pitching for Santa Monica Bruins : RHP Rick Hernández
Now at 1B: Fred Ameris
Batting: SHB Tom Stevens 0-0: Ball
1-0: Ball
2-0: SINGLE (Groundball, 6MD)
Batting: SHB Michael Field 0-0: SINGLE (Groundball, 4MD)
Tom Stevens to second
Batting: RHB Edward Williams 0-0: SINGLE (Line Drive, 78M)
Tom Stevens to third
Michael Field to second
Batting: LHB Jesús González 0-0: Ball
1-0: Ball
2-0: Ball
3-0: Called Strike
3-1: Base on Balls
Tom Stevens scores
Michael Field to third
Edward Williams to second
Pitching: RHP Jorge Hernández
Batting: RHB Rodney González 0-0: Ball
1-0: Foul Ball, location: 2F
1-1: Ball
2-1: Foul Ball, location: 2F
2-2: Foul Ball, location: 2F
2-2: Foul Ball, location: 2F
2-2: Strikes out swinging
Batting: SHB Paco Martínez 0-0: Fly out, F8 (Line Drive, 8LM)
Runner from 3rd tags up, SCORES, no throw
Batting: RHB Reynaldo Slomp 0-0: Fly out, F9 (Flyball, 9)
Top of the 9th over - 2 runs, 3 hits, 0 errors, 2 left on base; Mile High 3 - Santa Monica 7
Saturday, December 16th, 2017 - OOTP Baseball 18.8 Build 76